NWL (28 & UNDER)
CASPER GHOSTS @ RIVERSIDE RED BULLS
08/07/2030
 
TOP OF THE 1ST
Casper Ghosts batting - Pitching for Riverside Red Bulls : LHP Alberto Pagán
Pitching: LHP Alberto Pagán
Batting: RHB Troy Reed 0-0: Ball
1-0: Ball
2-0: Called Strike
2-1: Called Strike
2-2: Foul Ball, location: 2F
2-2: Ball
3-2: Foul Ball, location: 2F
3-2: Fly out, F9 (Flyball, 89D)
Batting: RHB Jorge Calderón 0-0: Ball
1-0: Ball
2-0: Swinging Strike
2-1: Foul Ball, location: 2F
2-2: Ball
3-2: Foul Ball, location: 2F
3-2: Base on Balls
Batting: RHB Jerry Browning 0-0: Fly out, F3 (Popup, 3SF)
Batting: LHB Luis Rodríguez 0-0: Ball
1-0: Foul Ball, location: 2F
1-1: Swinging Strike
1-2: Ball
2-2: Ball
3-2: Fly out, F7 (Flyball, 7LM)
Top of the 1st over - 0 runs, 0 hits, 0 errors, 1 left on base; Casper 0 - Riverside 0
BOTTOM OF THE 1ST
Riverside Red Bulls batting - Pitching for Casper Ghosts : LHP Wilson Ramos
Pitching: LHP Wilson Ramos
Batting: RHB Bobby Miller 0-0: Ball
1-0: Fly out, F9 (Flyball, 89M)
Batting: RHB José González 0-0: Ball
1-0: Fly out, F8 (Line Drive, 8LD)
Batting: RHB John Burton 0-0: Ball
1-0: Ground out 1-3 (Groundball, P)
Bottom of the 1st over - 0 runs, 0 hits, 0 errors, 0 left on base; Casper 0 - Riverside 0
TOP OF THE 2ND
Casper Ghosts batting - Pitching for Riverside Red Bulls : LHP Alberto Pagán
Batting: RHB Tommy Allen 0-0: Swinging Strike
0-1: Ball
1-1: Ball
2-1: Called Strike
2-2: Ball
3-2: Strikes out looking
Batting: RHB Hunter Plunket 0-0: Swinging Strike
0-1: Ground out 6-3 (Groundball, 6)
Batting: RHB Robert Acosta 0-0: Swinging Strike
0-1: Foul Ball, location: 2F
0-2: Strikes out swinging
Top of the 2nd over - 0 runs, 0 hits, 0 errors, 0 left on base; Casper 0 - Riverside 0
BOTTOM OF THE 2ND
Riverside Red Bulls batting - Pitching for Casper Ghosts : LHP Wilson Ramos
Batting: RHB Robert Stevens 0-0: Foul Ball, location: 2F
0-1: Ball
1-1: Ball
2-1: Foul Ball, location: 2F
2-2: Foul Ball, location: 2F
2-2: Ball
3-2: Ground out 6-3 (Groundball, 6)
Batting: RHB Luis Flores 0-0: Called Strike
0-1: Fly out, F8 (Flyball, 89D)
Batting: SHB Ángel Estrada 0-0: Called Strike
0-1: Ball
1-1: Called Strike
1-2: Ball
2-2: Ball
3-2: Foul Ball, location: 2F
3-2: Foul Ball, location: 2F
3-2: Foul Ball, location: 2F
3-2: Foul Ball, location: 2F
3-2: Foul Ball, location: 2F
3-2: Ground out 4-3 (Groundball, 34)
Bottom of the 2nd over - 0 runs, 0 hits, 0 errors, 0 left on base; Casper 0 - Riverside 0
TOP OF THE 3RD
Casper Ghosts batting - Pitching for Riverside Red Bulls : LHP Alberto Pagán
Batting: RHB Henry Morris 0-0: Foul Ball, location: 2F
0-1: Ball
1-1: Ball
2-1: SINGLE (Groundball, 6MD)
Batting: LHB George Flanagan 0-0: Ball
1-0: Fly out, F7 (Line Drive, 7)
Batting: RHB Troy Reed 0-0: Ball
1-0: Foul Ball, location: 2F
1-1: Ball
2-1: Swinging Strike
2-2: DOUBLE (Line Drive, 3D)
Henry Morris to third
Henry Morris scores
Batting: RHB Jorge Calderón 0-0: SINGLE (Groundball, 4MD)
Troy Reed to third
Runner from 3rd tries for Home, SAFE, no throw
Batting: RHB Jerry Browning 0-0: Ball
1-0: Grounds into double play, 3-6-1 (Groundball, 3)
Top of the 3rd over - 2 runs, 3 hits, 0 errors, 0 left on base; Casper 2 - Riverside 0
BOTTOM OF THE 3RD
Riverside Red Bulls batting - Pitching for Casper Ghosts : LHP Wilson Ramos
Batting: RHB Juan Morales 0-0: Ball
1-0: Swinging Strike
1-1: Called Strike
1-2: SINGLE (Line Drive, 4MD)
Batting: RHB Pete Woods 0-0: Ball
Juan Morales steals 2nd base
1-0: Ball
2-0: Fly out, F3 (Popup, 34)
Batting: LHB Jesús Ferreira 0-0: Foul Ball, location: 2F
0-1: Ground out 5-3 (Groundball, 56)
Batting: RHB Bobby Miller 0-0: Ball
1-0: Ball
2-0: Called Strike
2-1: Foul Ball, location: 2F
2-2: Foul Ball, location: 2F
2-2: Fly out, F6 (Line Drive, 56D)
Bottom of the 3rd over - 0 runs, 1 hit, 0 errors, 1 left on base; Casper 2 - Riverside 0
TOP OF THE 4TH
Casper Ghosts batting - Pitching for Riverside Red Bulls : LHP Alberto Pagán
Batting: LHB Luis Rodríguez 0-0: Swinging Strike
0-1: Foul Ball, location: 2F
0-2: Ball
1-2: Strikes out looking
Batting: RHB Tommy Allen 0-0: Called Strike
0-1: Ball
1-1: Called Strike
1-2: Ground out 6-3 (Groundball, 6)
Batting: RHB Hunter Plunket 0-0: Called Strike
0-1: Fly out, F8 (Flyball, 8LD)
Top of the 4th over - 0 runs, 0 hits, 0 errors, 0 left on base; Casper 2 - Riverside 0
BOTTOM OF THE 4TH
Riverside Red Bulls batting - Pitching for Casper Ghosts : LHP Wilson Ramos
Batting: RHB José González 0-0: Called Strike
0-1: SINGLE (Line Drive, 6MD)
Batting: RHB John Burton 0-0: Ball
José González is caught stealing 2nd base
1-0: Ball
2-0: Foul Ball, location: 2F
2-1: Swinging Strike
2-2: Ball
3-2: SINGLE (Groundball, 56D)
Batting: RHB Robert Stevens 0-0: Ball
1-0: Foul Ball, location: 2F
1-1: Swinging Strike
1-2: Strikes out swinging
Batting: RHB Luis Flores 0-0: Ball
1-0: Called Strike
1-1: Fly out, F7 (Flyball, 7D)
Bottom of the 4th over - 0 runs, 2 hits, 0 errors, 1 left on base; Casper 2 - Riverside 0
TOP OF THE 5TH
Casper Ghosts batting - Pitching for Riverside Red Bulls : LHP Alberto Pagán
Batting: RHB Robert Acosta 0-0: Called Strike
0-1: Called Strike
0-2: SINGLE (Groundball, 56D)
Batting: RHB Henry Morris 0-0: Ball
1-0: Foul Ball, location: 2F
1-1: Ball
2-1: DOUBLE (Flyball, 89D)
Robert Acosta to third
Runner from 3rd tries for Home, SAFE, no throw
Batting: LHB George Flanagan 0-0: Swinging Strike
0-1: Foul Ball, location: 2F
0-2: Ball
1-2: Ball
2-2: Foul Ball, location: 2F
2-2: Foul Ball, location: 2F
2-2: Ball
3-2: Hit by Pitch
Batting: RHB Troy Reed 0-0: Grounds into double play, 6-4-3 (Groundball, 6)
Henry Morris to third
Batting: RHB Jorge Calderón 0-0: Ball
1-0: Called Strike
1-1: Ground out 6-3 (Groundball, 6)
Top of the 5th over - 1 run, 2 hits, 0 errors, 1 left on base; Casper 3 - Riverside 0
BOTTOM OF THE 5TH
Riverside Red Bulls batting - Pitching for Casper Ghosts : LHP Wilson Ramos
Batting: SHB Ángel Estrada 0-0: Ball
1-0: Swinging Strike
1-1: Ball
2-1: Swinging Strike
2-2: Foul Ball, location: 2F
2-2: Ball
3-2: Base on Balls
Batting: RHB Juan Morales 0-0: Called Strike
0-1: Ball
1-1: Ball
2-1: Foul Ball, location: 2F
2-2: Hit by Pitch
Ángel Estrada to second
Batting: RHB Pete Woods 0-0: Ball
1-0: Swinging Strike
1-1: Foul Ball, location: 2F
1-2: Foul Ball, location: 2F
1-2: Fly out, F9 (Flyball, 9D)
Runner from 2nd tags up, SAFE at 3rd, no throw
Batting: LHB Jesús Ferreira 0-0: Called Strike
0-1: Ball
1-1: Called Strike
1-2: Foul Ball, location: 2F
1-2: Fly out, F8 (Line Drive, 8RM)
Runner from 3rd tags up, SCORES, throw made
Batting: RHB Bobby Miller 0-0: Ground out 6-3 (Groundball, 56D)
Bottom of the 5th over - 1 run, 0 hits, 0 errors, 1 left on base; Casper 3 - Riverside 1
TOP OF THE 6TH
Casper Ghosts batting - Pitching for Riverside Red Bulls : LHP Alberto Pagán
Batting: RHB Jerry Browning 0-0: Ball
1-0: Ball
2-0: Ball
3-0: Base on Balls
Batting: LHB Luis Rodríguez 0-0: Ball
1-0: Swinging Strike
1-1: Grounds into double play, 4-6-3 (Groundball, 4)
Batting: RHB Tommy Allen 0-0: Ball
1-0: Ball
2-0: Called Strike
2-1: Ball
3-1: Base on Balls
Batting: RHB Hunter Plunket 0-0: SINGLE (Flyball, 9LS)
Tommy Allen to second
Runner from 2nd tries for 3rd, SAFE, throw made to third
Batting: RHB Robert Acosta 0-0: Foul Ball, location: 2F
Pickoff Throw to First - Out!
Top of the 6th over - 0 runs, 1 hit, 0 errors, 1 left on base; Casper 3 - Riverside 1
BOTTOM OF THE 6TH
Riverside Red Bulls batting - Pitching for Casper Ghosts : LHP Wilson Ramos
Batting: RHB José González 0-0: Called Strike
0-1: Reached on error, E6 (Groundball, 6)
Batting: RHB John Burton 0-0: Ball
1-0: Swinging Strike
1-1: Foul Ball, location: 2F
1-2: Ball
José González steals 2nd base
2-2: Foul Ball, location: 2F
2-2: SINGLE (Line Drive, 89M)
José González to third
Batting: RHB Robert Stevens 0-0: Ball
1-0: Swinging Strike
1-1: Ball
2-1: Ball
3-1: Base on Balls
John Burton to second
Batting: RHB Luis Flores 0-0: SINGLE (Flyball, 8RS)
José González scores
John Burton to third
Robert Stevens to second
Batting: SHB Ángel Estrada 0-0: Ball
1-0: Swinging Strike
1-1: Fly out, F8 (Flyball, 8RS)
Runner from 3rd tags up, SCORES, no throw
Batting: RHB Juan Morales 0-0: Called Strike
0-1: Ball
1-1: Ball
2-1: Called Strike
2-2: Ball
3-2: Strikes out swinging
Batting: RHB Pete Woods 0-0: Called Strike
0-1: Called Strike
0-2: Ball
1-2: Strikes out swinging
Bottom of the 6th over - 2 runs, 2 hits, 1 error, 2 left on base; Casper 3 - Riverside 3
TOP OF THE 7TH
Casper Ghosts batting - Pitching for Riverside Red Bulls : LHP Alberto Pagán
Batting: RHB Robert Acosta 0-0: Foul Ball, location: 2F
0-1: Foul Ball, location: 2F
0-2: Foul Ball, location: 2F
0-2: Ball
1-2: Ground out 6-3 (Groundball, 6)
Batting: RHB Henry Morris 0-0: Ball
1-0: SINGLE (Groundball, 6D)
Batting: LHB George Flanagan 0-0: Ball
1-0: Swinging Strike
1-1: Swinging Strike
1-2: Ball
2-2: Ground out U3 (Groundball, 34)
Henry Morris to second
Batting: RHB Troy Reed 0-0: Fly out, F8 (Flyball, 8LD)
Top of the 7th over - 0 runs, 1 hit, 0 errors, 1 left on base; Casper 3 - Riverside 3
BOTTOM OF THE 7TH
Riverside Red Bulls batting - Pitching for Casper Ghosts : LHP Wilson Ramos
Pitching: RHP Eugene Morgan
Batting: LHB Jesús Ferreira 0-0: SINGLE (Groundball, 34D)
Batting: RHB Bobby Miller 0-0: Ball
1-0: Ball
2-0: Foul Ball, location: 2F
2-1: Ball
3-1: Sac Bunt - play at first, batter OUT! 5-4
Jesús Ferreira to second
Batting: RHB José González 0-0: Ball
1-0: Called Strike
1-1: Foul Ball, location: 2F
1-2: Foul Ball, location: 2F
1-2: TRIPLE (Flyball, 9LD)
Jesús Ferreira scores
Batting: RHB John Burton 0-0: Ball
1-0: Fly out, F4 (Popup, 4)
Batting: RHB Robert Stevens 0-0: Called Strike
0-1: Foul Ball, location: 2F
0-2: Ball
1-2: Strikes out swinging
Bottom of the 7th over - 1 run, 2 hits, 0 errors, 1 left on base; Casper 3 - Riverside 4
TOP OF THE 8TH
Casper Ghosts batting - Pitching for Riverside Red Bulls : LHP Alberto Pagán
Pitching: LHP Pepe Gómez
Batting: RHB Jorge Calderón 0-0: Ball
1-0: Swinging Strike
1-1: Foul Ball, location: 2F
1-2: Foul Ball, location: 2F
1-2: SINGLE (Groundball, 4D)
Pitching: RHP Juan Herrera
Batting: RHB Jerry Browning 0-0: Foul Ball, location: 2F
0-1: Ball
1-1: Swinging Strike
1-2: Strikes out swinging
Batting: LHB Luis Rodríguez 0-0: Ball
1-0: Ball
2-0: Ball
3-0: Called Strike
3-1: Base on Balls
Jorge Calderón to second
Batting: RHB Tommy Allen 0-0: Ball
1-0: Foul Ball, location: 2F
1-1: Swinging Strike
1-2: Foul Ball, location: 2F
1-2: Strikes out swinging
Batting: RHB Hunter Plunket 0-0: Ball
1-0: Swinging Strike
1-1: Foul Ball, location: 2F
1-2: Ball
2-2: Ball
3-2: Strikes out swinging
Top of the 8th over - 0 runs, 1 hit, 0 errors, 2 left on base; Casper 3 - Riverside 4
BOTTOM OF THE 8TH
Riverside Red Bulls batting - Pitching for Casper Ghosts : RHP Eugene Morgan
Batting: RHB Luis Flores 0-0: Called Strike
0-1: Foul Ball, location: 2F
0-2: Foul Ball, location: 2F
0-2: Foul Ball, location: 2F
0-2: Ball
1-2: Foul Ball, location: 2F
1-2: Ball
2-2: Ball
3-2: Base on Balls
Batting: SHB Ángel Estrada 0-0: Ball
1-0: Called Strike
1-1: Ball
2-1: Ball
3-1: Fly out, F9 (Line Drive, 9)
Batting: RHB Juan Morales 0-0: Ball
1-0: Ball
2-0: Ball
3-0: Called Strike
3-1: Swinging Strike
3-2: Strikes out looking
Batting: RHB Pete Woods 0-0: Called Strike
0-1: Foul Ball, location: 2F
0-2: Ball
1-2: Ball
2-2: Strikes out swinging
Bottom of the 8th over - 0 runs, 0 hits, 0 errors, 1 left on base; Casper 3 - Riverside 4
TOP OF THE 9TH
Casper Ghosts batting - Pitching for Riverside Red Bulls : RHP Juan Herrera
Pinch Hitting: LHB Ronald Gordon 0-0: Ball
1-0: Ball
2-0: Ball
3-0: Called Strike
3-1: Base on Balls
Pinch Hitting: LHB Ramón Córdova 0-0: Fly out, F7 (Flyball, 7S)
Batting: LHB George Flanagan 0-0: Ball
1-0: Fielders Choice at 2nd, 4-6 (Groundball, 4D)
Pinch Hitting: SHB Jacob Wilcox 0-0: Called Strike
0-1: Swinging Strike
0-2: Ball
1-2: Ball
Passed Ball!
George Flanagan to second
2-2: Fly out, F3 (Popup, 23F)
Top of the 9th over - 0 runs, 0 hits, 0 errors, 1 left on base; Casper 3 - Riverside 4
Saturday, April 7th, 2018 - OOTP Baseball 18.8 Build 76